 Dungeon Crawl Stone Soup version 0.19.1 (webtiles) character file.

184 Host24 the Sneak (level 5, 0/33 HPs)
             Began as a Kobold Assassin on Dec 24, 2016.
             Slain by an iguana (15 damage)
             ... on level 4 of the Dungeon.
             The game lasted 00:05:57 (3107 turns).

Host24 the Sneak (Kobold Assassin)                  Turns: 3107, Time: 00:05:58

Health: 0/33       AC:  3    Str:  8    XL:     5   Next: 95%
Magic:  5/5        EV: 17    Int: 16    God:
Gold:   123        SH:  0    Dex: 18    Spells: 0 memorised, 4 levels left

rFire  + . .     SeeInvis .     w - +1 dagger (freeze)
rCold  . . .     Gourm    .     c - +0 robe
rNeg   . . .     Faith    .     (shield restricted)
rPois  .         Spirit   .     (no helmet)
rElec  .         Reflect  .     d - +0 cloak
rCorr  .         Harm     .     (no gloves)
MR     .....                    (no boots)
Stlth  +++.......               (no amulet)
                                B - +4 ring of intelligence
                                h - ring of protection from fire

@: very slightly contaminated, hasted, very quick
A: carnivore 3
a: no special abilities


You were on level 4 of the Dungeon.
You were very full.

You visited 1 branch of the dungeon, and saw 4 of its levels.

You collected 123 gold pieces.

Inventory:

Hand Weapons
 a - a +2 dagger
 b - a +0 blowgun
 l - a +0 hunting sling
 u - a +0 short sword of venom
 w - a +1 dagger of freezing (weapon)
 A - a +2 dagger of draining
 C - a +2 dagger of speed
Missiles
 e - 23 poisoned needles
 f - 2 curare-tipped needles
 i - 58 arrows
 k - 11 bolts
 p - 45 stones (quivered)
 t - 21 sling bullets
Armour
 c - a +0 robe (worn)
 d - a +0 cloak (worn)
Jewellery
 h - a ring of protection from fire (left hand)
 m - an uncursed ring of fire
 r - a cursed ring of teleportation
 B - a +4 ring of intelligence (right hand)
Scrolls
 n - 5 scrolls of fear {unknown}
 o - 4 scrolls of random uselessness {unknown}
 q - 2 scrolls of enchant weapon {unknown}
 v - a scroll of recharging {unknown}
 x - a scroll of enchant armour {unknown}
 y - a scroll of amnesia {unknown}
 D - a scroll of teleportation {unknown}
 E - a scroll of blinking {unknown}
Potions
 s - 2 potions of haste
 z - a potion of heal wounds
Comestibles
 g - 2 meat rations
 j - a beef jerky
 F - a chunk of flesh


   Skills:
 - Level 4.0 Fighting
 + Level 4.0 Short Blades
 - Level 2.1 Throwing
 - Level 4.4 Dodging
 - Level 5.3 Stealth


You had 4 spell levels left.
You didn't know any spells.

Dungeon Overview and Level Annotations

Branches:
Dungeon (4/15)
 Temple: D:4-7

Altars:

Annotations:
D:4 Sigmund


Innate Abilities, Weirdness & Mutations

You are small and have problems with some larger weapons.
You are carnivorous and can eat meat at any time.


Message History

You hit the iguana but do no damage. The iguana bites you!
You hit the iguana but do no damage. The iguana bites you!
* * * LOW HITPOINT WARNING * * *
It was a potion of haste.
You feel yourself speed up. The iguana closely misses you.
You are very lightly contaminated with residual magic.
It was a potion of heal wounds.
You feel much better.
You hit the iguana but do no damage. The iguana barely misses you.
You hit the iguana but do no damage. You hit the iguana but do no damage.
The iguana completely misses you.
You barely miss the iguana. You closely miss the iguana. The iguana bites you.
You hit the iguana but do no damage. You hit the iguana but do no damage.
The iguana misses you.
You hit the iguana but do no damage. You hit the iguana but do no damage.
The iguana completely misses you.
You hit the iguana but do no damage. You hit the iguana but do no damage.
The iguana bites you.
You hit the iguana but do no damage. The iguana bites you!
You die...

.. #.# #.#
#.# #.# #.#
#######.####
#..........#
#.#####@##.#
#.# #l# ###
#.# #c.......
... #.#
#..###### #.#
#.# #..# #.#
#.# #..# #.#
#.# #..# #.#
#.# #..# #.#
#.##......
..######[####


You could see a centaur and an iguana.

Vanquished Creatures
  A crimson imp (D:3)
  An iguana (D:4)
  Ijyb (D:2)
  A worker ant (D:4)
  An adder (D:3)
  2 oozes (D:3)
  A worm (D:3)
  A dart slug (D:1)
  6 leopard geckos
  A giant cockroach (D:4)
  8 goblins
  5 hobgoblins
  3 jackals (D:3)
  A quokka (D:2)
  4 bats
  2 frilled lizards (D:1)
  5 kobolds
  10 rats
54 creatures vanquished.

Notes
Turn   | Place    | Note
-------+----------+-------------------------------------------
     0 | D:1      | Host24 the Kobold Assassin began the quest for the Orb.
     0 | D:1      | Reached XP level 1. HP: 12/12 MP: 1/1
   125 | D:1      | Reached XP level 2. HP: 18/18 MP: 2/2
   757 | D:1      | Reached XP level 3. HP: 23/23 MP: 3/3
  1181 | D:2      | Noticed Ijyb
  1202 | D:2      | Killed Ijyb
  1202 | D:2      | Reached XP level 4. HP: 19/29 MP: 4/4
  2564 | D:3      | Reached XP level 5. HP: 18/33 MP: 5/5
  2924 | D:4      | Noticed Sigmund
  3085 | D:4      | Noticed a centaur
  3107 | D:4      | Slain by an iguana

Skill      XL: |  1  2  3  4  5 |
---------------+----------------+-----
Fighting       | 3 4 |  4.0
Dodging        | 2 4 |  4.4
Short Blades   | 4 |  4.0
Throwing       | |  2.1
Stealth        | |  5.3

Action                   |  1- 3 |  4- 6 || total
-------------------------+-------+-------++-------
Melee: Dagger            |    94 |   171 ||   265
  Use: Scroll            |       |     3 ||     3
       Potion            |       |     2 ||     2
 Stab: Sleeping          |     7 |     8 ||    15
       Distracted        |     1 |       ||     1
  Eat: Chunk             |     9 |     6 ||    15
Armor: Robe              |    11 |    15 ||    26
Dodge: Dodged            |    50 |   112 ||   162
